[Event "*** Titled Tuesday Blitz"]
[Site "Chess.com"]
[Date "2019.07.02"]
[Round "5"]
[White "Philosopherrr"]
[Black "tigra"]
[Result "0-1"]
[WhiteElo "2518"]
[BlackElo "2769"]
[TimeControl "180+2"]
[EndTime "14:07:55 PDT"]
[Termination "tigra won by resignation"]

1. e4 c5 2. Nf3 e6 3. Nc3 a6 4. d4 cxd4 5. Nxd4 Qc7 6. g3 Nf6 7. Bg2 b5 8. O-O Bb7 9. Re1 d6 10. Nd5 exd5 11. exd5+ Kd8 12. c4 bxc4 13. Qa4 Nbd7 14.
Bd2 Nb6 15. Qa3 Bxd5 16. Bh3 Rb8 17. Ba5 Ba8 18. Rad1 h5 19. Qe3 Qb7 20. f3 Qc7 21. b3 Bd5 22. bxc4 Qxc4 23. Rc1 Kc7 24. Rxc4+ Bxc4 25. Qc3 d5 26. Nb3 Kb7 27. Qd4 Na4 28. Bg2 Bxb3 29.
Qd3 Bc4 30. Rb1+ Ka8 31. Rxb8+ Kxb8 32. Qc2 Bc5+ 33. Kh1 Bb5 34. Bd2 Re8 35. Bf4+ Kb7 36. h4 Re1+ 37. Kh2 Bg1+ 38. Kh3 Bd7+ 39. g4 hxg4+ 40.
fxg4 Bxg4+ 41. Kg3 Nc5 42. Qb2+ Kc6 43. Qb8 Bd7 44.
Qd6+ Kb5 45. a4+ Kc4 46. Bf3 Nfe4+ 0-1

[Event "*** Titled Tuesday Blitz"]
[Site "Chess.com"]
[Date "2019.07.02"]
[Round "5"]
[White "senecacrane"]
[Black "Alopekos"]
[Result "0-1"]
[WhiteElo "2311"]
[BlackElo "2460"]
[TimeControl "180+2"]
[EndTime "14:07:55 PDT"]
[Termination "Alopekos won by resignation"]

1. Nf3 Nf6 2. e3 c5 3. d4 g6 4. d5 Bg7 5. c4 O-O 6. Nc3 e6 7. Be2 exd5 8. cxd5 d6 9. O-O Na6 10. a4 Nb4 11. e4 Bg4 12. Bf4 Re8 13. Nd2 Bxe2 14. Qxe2 Nfxd5 15. Bg3 Nxc3 16. bxc3 Bxc3 17. Rac1 Bg7 18. Qc4 b6 19. Rfd1 d5 20. exd5 Qxd5 21. Qb5 Rad8 22. Nf1 Qc6 23. Qc4 Qxa4 24. Re1 Rxe1 25.
Rxe1 Re8 26. Rb1 Qd7 27. h3 Qd4 28. Qb5 Qe4 29. Nd2 Qe6 30. Nf3 Rd8 31. Re1 Qd5 32. Re8+ Bf8 33. Ne5 Rxe8 34. Qxe8 Qe6 35. Qa8 a5 36.
Qb8 Kg7 37. Ng4 Nd3 38. Qd8 c4 39.
Qd4+ f6 40. h4 Bc5 41. Qd8 Qxg4 42. Qd7+ Qxd7 0-1

[Event "*** Titled Tuesday Blitz"]
[Site "Chess.com"]
[Date "2019.07.02"]
[Round "5"]
[White "Semen_Khanin"]
[Black "FrenchMonster2002"]
[Result "1-0"]
[WhiteElo "2706"]
[BlackElo "2445"]
[TimeControl "180+2"]
[EndTime "14:07:58 PDT"]
[Termination "Semen_Khanin won by resignation"]

1. e4 c5 2. Ne2 Nc6 3. Nbc3 g6 4. d4 cxd4 5. Nxd4 Bg7 6. Be3 Nf6 7. Bc4 d6 8. f3 O-O 9. Qd2 Bd7 10. O-O-O Nxd4 11. Bxd4 b5 12. Bxb5 Bxb5 13. Nxb5 a6 14. Nc3 Rb8 15.
Kb1 Qd7 16. g4 Rfc8 17. h4 h5 18. g5 Ne8 19. f4 Nc7 20. f5 Nb5 21. Bxg7 Kxg7 22.
Nxb5 Qxb5 23. b3 a5 24. f6+ exf6 25. gxf6+ Kxf6 26. Qxd6+ Kg7 27. Rhf1 Rb6 28. Qd4+ Kg8 29. Qd7 Qxd7 30. Rxd7 Rf8 31. c4 Re6 32. Rf4 Rfe8 33.
Rfxf7 Rxe4 34. Rg7+ Kh8 35. Rh7+ Kg8 36. Rdg7+ Kf8 37.
Rxg6 Rxh4 38. Rh8+ Kf7 39. Rxe8 Kxg6 40. c5 Rh1+ 41. Kb2 Rh2+ 42. Kc3 Kf7 43. Rh8 Ke6 44. Kc4 h4 45. c6 Kd6 46. Kb5 Rxa2 47. Rxh4 Rb2 48.
Rh3 a4 49. Rd3+ Kc7 50. Rd7+ Kc8 51. Kxa4 Ra2+ 52. Kb5 Rb2 53. b4 Rc2 54. Kb6 Rb2 55. b5 Ra2 56. Rh7 Kd8 57. c7+ Kc8 58. Rh8+ Kd7 59.
c8=Q+ Kd6 60. Qc5+ Kd7 61. Rh7+ 1-0

[Event "*** Titled Tuesday Blitz"]
[Site "Chess.com"]
[Date "2019.07.02"]
[Round "5"]
[White "Bagirova"]
[Black "Jospem"]
[Result "0-1"]
[WhiteElo "1911"]
[BlackElo "2859"]
[TimeControl "180+2"]
[EndTime "14:07:59 PDT"]
[Termination "Jospem won by resignation"]

1. e4 c5 2. Nf3 d6 3. d4 cxd4 4. Nxd4 Nf6 5. Nc3 a6 6. a4 e6 7. Be2 b6 8. O-O Bb7 9. f3 Be7 10. Be3 O-O 11. Bd3 Nbd7 12. Qe2 Qc7 13. Qf2 Rac8 14.
g4 Ne5 15. g5 Nfd7 16. h4 Qb8 17. h5 Rfe8 18. Be2 d5 19. f4 Nc4 20. Bxc4 Rxc4 21.
e5 Nf8 22. Nce2 Bc8 23. c3 Rc7 24. f5 exf5 25. Nxf5 Bxf5 26. Qxf5 Bc5 27. Nd4 Rce7 28. Bf4 Ne6 29. Be3 Qc8 30. g6 fxg6 31. hxg6 hxg6 32.
Qxg6 Nf8 33. Qg3 Rxe5 34. Bf4 Re4 35. Rae1 Rxe1 36. Rxe1 Rxe1+ 37. Qxe1 Qg4+ 38. Qg3 Qxg3+ 39. Bxg3 Ne6 40. Be5 b5 41. axb5 axb5 42. Kg2 Bxd4 43. cxd4 Kf7 44. Kf3 g6 45. Kg4 Ke8 46. Bf6 Kd7 47. Be5 Ke7 48. Kf3 Nd8 49. Kg4 Ke6 50. Bc7 Nc6 51. Bb6 Nb4 52. Kg5 Nd3 53. b3 Nc1 54. b4 Nd3 55. Ba5 Kf7 56. Kg4 Ne1 57. Kf4 Kf6 58. Bd8+ Ke6 59. Ba5 Nc2 60. Kg5 Nxd4 61.
Kxg6 Nf3 62. Kh5 Kf5 63. Kh6 d4 64. Bb6 d3 65. Be3 d2 66. Bxd2 Nxd2 67. Kg7 Ke4 68. Kf7 Kd4 69. Ke6 Kc4 70. Kd6 Kxb4 71. Kd5 Kc3 0-1

[Event "*** Titled Tuesday Blitz"]
[Site "Chess.com"]
[Date "2019.07.02"]
[Round "5"]
[White "LaughingTiger"]
[Black "deBaller"]
[Result "1-0"]
[WhiteElo "2316"]
[BlackElo "2363"]
[TimeControl "180+2"]
[EndTime "14:07:59 PDT"]
[Termination "LaughingTiger won by resignation"]

1. e4 e6 2. d4 d5 3. Nc3 Nf6 4. e5 Nfd7 5. Nce2 c5 6. c3 Nc6 7. f4 Qa5 8. Nf3 f6 9. Be3 cxd4 10.
Nexd4 fxe5 11. Nxc6 bxc6 12. Nxe5 Nxe5 13. fxe5 Bc5 14. b4 Bxb4 15. cxb4 Qxb4+ 16. Qd2 Qh4+ 17. g3 Qe4 18. Bg2 Qxe5 19. O-O Ba6 20. Rf4 Qxa1+ 21.
Bf1 Bxf1 22. Rxf1 Qe5 23. Bd4 Qe4 24. Qc3 Rc8 25. Bc5 Qg6 26. Qe5 Rd8 27. Qc7 Rd7 28. Qc8+ Rd8 29. Qxc6+ Rd7 30. Qc8+ Rd8 31. Qc7 Rd7 32.
Qb8+ Rd8 33. Qxa7 Rd7 34. Qb8+ Rd8 35. Qb5+ Rd7 36. a4 e5 37. Qb8+ Rd8 38. Qxe5+ Kd7 39.
Qxd5+ Kc7 40. Rf7+ Qxf7 41. Qxf7+ Rd7 42. Qf4+ Kc6 43.
Qc4 Re8 44. Qb5+ Kc7 45. Bb6+ Kd6 46. Qc5+ Ke6 47. Qc6+ Ke7 48. Bc5+ Kd8 49. Qb6+ Kc8 50. Bd6 Re1+ 51. Kf2 Rb7 52. Qc6+ Kd8 53. Qxb7 1-0

[Event "*** Titled Tuesday Blitz"]
[Site "Chess.com"]
[Date "2019.07.02"]
[Round "5"]
[White "NemtsevIgor"]
[Black "imdarealist"]
[Result "1-0"]
[WhiteElo "2296"]
[BlackElo "2054"]
[TimeControl "180+2"]
[EndTime "14:08:01 PDT"]
[Termination "NemtsevIgor won by checkmate"]

1. d4 Nf6 2. Bf4 b6 3. e3 Bb7 4. Nd2 d6 5. Ngf3 Nbd7 6. h3 g6 7. Bc4 Bg7 8. O-O O-O 9. Bh2 a6 10. a4 c5 11. c3 Rc8 12. Be2 h6 13. Re1 Ne4 14. Nxe4 Bxe4 15. Bxa6 Rc7 16. Bd3 Ba8 17. e4 Nf6 18. e5 Nd5 19. e6 f5 20. Nh4 Kh7 21.
g4 Bf6 22. Ng2 fxg4 23. Qxg4 Bg5 24. f4 Nf6 25. Qg3 Nh5 26. Qg4 Nf6 27. Qe2 Bxg2 28. fxg5 Bxh3 29. gxf6 Rxf6 30. d5 Qf8 31. Be4 Rc8 32. Bg2 Bf5 33. Rf1 h5 34. a5 bxa5 35.
Rxa5 Qd8 36. Ra7 c4 37. Qe3 Qf8 38. Bxd6 Bd3 39. Rxe7+ Kg8 40. Rxf6 Qxf6 41. Rf7 Qh4 42. Bg3 Qg4 43. Qh6 Qd1+ 44. Kh2 Qg1+ 45. Kxg1 g5 46.
Qg7# 1-0

[Event "*** Titled Tuesday Blitz"]
[Site "Chess.com"]
[Date "2019.07.02"]
[Round "5"]
[White "Superfelix"]
[Black "marianokar"]
[Result "0-1"]
[WhiteElo "2354"]
[BlackElo "2461"]
[TimeControl "180+2"]
[EndTime "14:08:04 PDT"]
[Termination "marianokar won by checkmate"]

1. e4 c5 2. Nf3 d6 3. d4 cxd4 4. Nxd4 Nf6 5. f3 e6 6. c4 Be7 7.
Nc3 O-O 8. Be3 b6 9. Be2 Bb7 10. O-O a6 11. Qd2 Nbd7 12. Rfc1 Qc7 13. a4 Rab8 14. Kh1 Ne5 15. b3 h5 16. Bf1 h4 17.
h3 Nh5 18. Nde2 f5 19. exf5 Rxf5 20. Nd4 Ng3+ 21. Kg1 Rf6 22. Bd3 Rbf8 23. Nce2 Nxd3 24. Qxd3 e5 25. Nc2 e4 26. fxe4 Bxe4 27. Qd2 Nxe2+ 28. Qxe2 Rg6 29. g4 hxg3 30. Nb4 Bf6 31. Ra2 Be5 32. Nd5 Bxd5 33. cxd5 Qd7 34. Kg2 b5 35. axb5 axb5 36. Ra7 Qf5 37. Bg1 Rh6 38. Qg4 Qxg4 39. hxg4 Rg6 40.
Rcc7 Rxg4 41. Rab7 Rb4 42. Rc2 Rxb3 43. Rd2 b4 44. Re2 Rf7 45. Rb8+ Kh7 46. Re4 Kg6 47. Re2 Rc7 48. Rb6 Re7 49. Bc5 Kf5 50. Bxd6 Bxd6 51.
Rxd6 Rxe2+ 52. Kh3 Rh2# 0-1

[Event "*** Titled Tuesday Blitz"]
[Site "Chess.com"]
[Date "2019.07.02"]
[Round "5"]
[White "vovachesss"]
[Black "Kubas1010"]
[Result "0-1"]
[WhiteElo "2660"]
[BlackElo "2630"]
[TimeControl "180+2"]
[EndTime "14:08:04 PDT"]
[Termination "Kubas1010 won by resignation"]

1. f4 d5 2. Nf3 g6 3. g3 Bg7 4. Bg2 c6 5. O-O Qb6+ 6. d4 Nd7 7.
c4 Ndf6 8. Nc3 Nh6 9. Ne5 Be6 10. c5 Qc7 11. b4 Nf5 12. e3 h5 13. a4 a6 14. Rb1 O-O 15. Qf3 Nd7 16. h3 Nxe5 17. dxe5 f6 18. exf6 Bxf6 19. Bb2 d4 20. Ne4 Nxe3 21. Nxf6+ exf6 22. Qe4 Bf5 23. Qxd4 Nxg2 24.
Kxg2 Bxb1 25. Rxb1 Rad8 26. Qe4 Qf7 27. f5 Rfe8 28. Qf3 gxf5 29. Qxf5 Qd5+ 30. Qxd5+ Rxd5 31. Bxf6 Re3 32. Rb2 Ra3 33. a5 Rad3 34. Re2 Kf7 35.
Bb2 Rd2 36. Kf2 Kg6 37. Bc3 Rxe2+ 38. Kxe2 Kf5 39. Ke3 Rd7 40. Bd2 Re7+ 41. Kf3 Re4 42. Bc3 Rc4 43. Bd2 Rd4 44. Ke3 Rd5 45. Be1 Rd1 46. Bd2 Rb1 47. Kd4 Rg1 48. Bf4 h4 49. Be3 Rxg3 50. Kc3 Rxe3+ 0-1

[Event "*** Titled Tuesday Blitz"]
[Site "Chess.com"]
[Date "2019.07.02"]
[Round "5"]
[White "AndrewMaco"]
[Black "rasmussvane"]
[Result "0-1"]
[WhiteElo "2596"]
[BlackElo "2889"]
[TimeControl "180+2"]
[EndTime "14:08:07 PDT"]
[Termination "rasmussvane won on time"]

1. e4 c6 2. d4 d5 3. e5 Bf5 4. Nf3 e6 5. Be2 Ne7 6. c3 Ng6 7. O-O Nd7 8. a4 f6 9. Ne1 fxe5 10. g4 Bxb1 11. Rxb1 exd4 12. cxd4 Bd6 13. f4 O-O 14.
Nd3 Qh4 15. b4 Rf7 16. Be3 Raf8 17. Qd2 Nf6 18. Qe1 Qxe1 19. Rfxe1 Ne4 20. Ne5 Bxe5 21. fxe5 Nc3 22. Rb2 Nxe2+ 23. Rbxe2 Nf4 24. Rd2 h5 25. gxh5 Nxh5 26. b5 cxb5 27. axb5 Rc8 28. Ra2 b6 29. Rea1 Rc3 30. Ra3 Rcc7 31. Bg5 Kh7 32. Bd8 Rcd7 33. Bg5 Kg6 34. h4 Nf4 35. Kh2 Rc7 36. R1a2 Kh5 37. Kg3 Ng6 38. Bd8 Rcd7 39. Bg5 Ne7 40. Bxe7 Rdxe7 41.
Rc3 Rc7 42. Rac2 Rxc3+ 43. Rxc3 Re7 44. Rc6 g5 45. hxg5 Kxg5 46. Kf3 Kf5 47. Ke3 Rh7 48. Kd3 Rh3+ 49. Kc2 Ra3 50. Rc7 Ra5 0-1

[Event "*** Titled Tuesday Blitz"]
[Site "Chess.com"]
[Date "2019.07.02"]
[Round "5"]
[White "Er_is_geen_hoop_meer"]
[Black "julinha97"]
[Result "1-0"]
[WhiteElo "2337"]
[BlackElo "2228"]
[TimeControl "180+2"]
[EndTime "14:08:08 PDT"]
[Termination "Er_is_geen_hoop_meer won by resignation"]

1. c4 e5 2. e3 Nf6 3. Qc2 Nc6 4. a3 a5 5. Nc3 Be7 6. Nf3 O-O 7. Bd3 h6 8. b3 d5 9. cxd5 Nxd5 10. Nxd5 Qxd5 11.
Be4 Qe6 12. Bb2 Bf6 13. h4 Bd7 14. Ng5 Qd6 15. Bh7+ Kh8 16. Bg8 g6 17. Nxf7+ Rxf7 18. Bxf7 Bf5 19. e4 Nd4 20. Bxd4 Qxd4 21. O-O Bxe4 22.
Qc4 Qxc4 23. Bxc4 Bxh4 24. Rfe1 Bc6 25. Rac1 Bf6 26. Rc3 Kg7 27. Rd3 e4 28. Rg3 Be5 29. Rh3 Rd8 30. d3 Bc3 31. Rc1 exd3 32. Rxd3 Rxd3 33.
Bxd3 Bb2 34. Re1 Bxa3 35. Re6 g5 36. Rg6+ Kf7 37. Rxh6 Bd6 38. Rh7+ Kf6 39. Rh6+ Ke5 40. Rg6 Kd4 41. Bc4 b5 42. Bf7 a4 43. bxa4 bxa4 44.
Rxg5 a3 45. Ra5 Kc3 46. g4 Kb4 47. Ra6 Bb5 48. Ra7 Bf4 49. Rb7 Ka4 50. Ra7+ Kb4 51.
Kg2 c5 52. Kf3 Bg5 53. Ke4 c4 54. Kf5 Bd2 55. g5 Ba4 56. Rxa4+ Kxa4 57. Bxc4 Bc3 58. Kg6 Kb4 59. Ba2 Kc5 60. f4 Kd6 61. Kf7 Bd2 62.
g6 Bc3 63. g7 1-0

[Event "*** Titled Tuesday Blitz"]
[Site "Chess.com"]
[Date "2019.07.02"]
[Round "5"]
[White "kosmeg"]
[Black "Mikhail_Golubev"]
[Result "0-1"]
[WhiteElo "2471"]
[BlackElo "2563"]
[TimeControl "180+2"]
[EndTime "14:08:10 PDT"]
[Termination "Mikhail_Golubev won by resignation"]

1. d4 Nf6 2. c4 g6 3. Nc3 Bg7 4. e4 d6 5. Be2 O-O 6. Bg5 Na6 7. Qd2 Qe8 8. h4 e5 9. d5 Nc5 10. f3 Nh5 11. g4 Nf4 12. Nh3 f5 13. O-O-O fxg4 14. fxg4 Nxh3 15. Rxh3 Rf2 16. Be3 Bxg4 17. Bxf2 Bxh3 18. h5 gxh5 19. Rg1 Bg4 20. Bxg4 hxg4 21. Rxg4 Qf7 22. Bxc5 dxc5 23. Qg2 Rf8 24. a3 Kh8 25. Kc2 Qf2+ 26. Kb3 Qxg2 27. Rxg2 Rf3 28. Ka4 a6 29.
Rg4 Bf6 30. Ne2 h5 31. Rg2 h4 32. b4 cxb4 33. axb4 Re3 34. Rf2 Kg7 35. c5 Rxe4 36. d6 cxd6 37. cxd6 Bd8 38. Ng1 b5+ 39. Kb3 Rd4 40.
Nf3 Rd3+ 41. Kc2 Rxd6 42. Nxe5 Bf6 43. Ng4 Bg5 44. Rf5 Kg6 45. Rc5 Bf4 46. Nf2 Rd2+ 47. Kc3 Rxf2 48. Rc6+ Kf5 49. Rxa6 Be5+ 50. Kb3 h3 51. Rh6 h2 52. Ka3 Rf1 53. Ka2 h1=Q 0-1

[Event "*** Titled Tuesday Blitz"]
[Site "Chess.com"]
[Date "2019.07.02"]
[Round "5"]
[White "GukeshDommaraju"]
[Black "GMsKoRPioN"]
[Result "1/2-1/2"]
[WhiteElo "2586"]
[BlackElo "2567"]
[TimeControl "180+2"]
[EndTime "14:08:10 PDT"]
[Termination "Game drawn by repetition"]

1. e4 d6 2. d4 g6 3. Nc3 Bg7 4. Be3 a6 5. Qd2 b5 6. h4 Nf6 7. f3 Nbd7 8. g4 Bb7 9. h5 Rg8 10. Nh3 Rc8 11. Nf4 c5 12. hxg6 hxg6 13. g5 Nh5 14.
Nxh5 gxh5 15. Rxh5 cxd4 16. Bxd4 Ne5 17. Be2 Qc7 18. f4 b4 19. Nd5 Bxd5 20. exd5 Nc4 21. Bxc4 Qxc4 22. Bxg7 Rxg7 23. Rh8+ Kd7 24. Rxc8 Kxc8 25.
O-O-O Qxa2 26. Qxb4 Rh7 27. Qc3+ Kd8 28. Qa3 Qc4 29.
Kb1 Rh2 30. Rc1 Rf2 31. Qe3 Rxf4 32. Re1 Rf1 33. Qxe7+ Kc8 34. Qe8+ Kc7 35. Qe7+ Kc8 36. Rc1 Rxc1+ 37. Kxc1 Qxd5 38. Qa7 Qxg5+ 39. Kb1 Qd2 40. Qxa6+ Kd7 41. Qb7+ Ke6 42. Qe4+ Kd7 43. Qb7+ Ke6 44. Qe4+ Kd7 45. Qb7+ 1/2-1/2

[Event "*** Titled Tuesday Blitz"]
[Site "Chess.com"]
[Date "2019.07.02"]
[Round "5"]
[White "ClockworkKubrick"]
[Black "IveBeenThroughPain"]
[Result "1-0"]
[WhiteElo "2116"]
[BlackElo "2279"]
[TimeControl "180+2"]
[EndTime "14:08:10 PDT"]
[Termination "ClockworkKubrick won by resignation"]

1. e4 e5 2. Nf3 Nc6 3. Nc3 Nf6 4. d3 Bb4 5. h3 d6 6. Be2 Bxc3+ 7. bxc3 O-O 8. O-O h6 9. Nh2 Ne7 10. f4 exf4 11.
Bxf4 Ng6 12. Be3 d5 13. exd5 Nxd5 14. Bd2 Re8 15. Bf3 Ne3 16. Bxe3 Rxe3 17. Rb1 c6 18. Be4 Rg3 19. Qd2 Rg5 20. Kh1 Ra5 21. Qf2 Qe7 22. Rbe1 Re5 23. Nf3 Re6 24. Bxg6 fxg6 25.
Rxe6 Bxe6 26. Nd4 Bxa2 27. Re1 Qf6 28. Qxf6 gxf6 29. c4 c5 30. Nf3 b5 31. Ra1 Bxc4 32. dxc4 bxc4 33. Ra5 Kf7 34. Nd2 Ke6 35. Rxc5 a5 36.
Nxc4 a4 37. Na3 f5 38. Kg1 h5 39. Kf2 Kf6 40. Rc4 g5 41. g3 Ra6 42. h4 gxh4 43. gxh4 Ke5 44. Ke3 Ra5 45. Rb4 Ra6 46. Rb5+ Kf6 47. Kf4 Rc6 48. Rxf5+ Kg6 49. c4 Rb6 50.
Ra5 Rb3 51. Rxa4 Rh3 52. Ra6+ Kh7 53. Kg5 Re3 54. Kxh5 Re5+ 55. Kg4 Re4+ 56. Kg5 Re5+ 57. Kf4 Rh5 58. Kg4 Re5 59. h5 Re4+ 60. Kf5 Re1 61. c5 Rf1+ 62. Ke6 Re1+ 63. Kd7 Rh1 64. c6 1-0

[Event "*** Titled Tuesday Blitz"]
[Site "Chess.com"]
[Date "2019.07.02"]
[Round "5"]
[White "LisikValera"]
[Black "Pechen_Yeltsina"]
[Result "1-0"]
[WhiteElo "2443"]
[BlackElo "2665"]
[TimeControl "180+2"]
[EndTime "14:08:17 PDT"]
[Termination "LisikValera won by checkmate"]

1. d4 d6 2. c4 e5 3. Nf3 Nd7 4. Nc3 g6 5. e4 Bg7 6. Be2 Ne7 7. h4 Nc6 8. Bg5 f6 9. Be3 exd4 10. Nxd4 Nxd4 11.
Bxd4 O-O 12. h5 Ne5 13. hxg6 hxg6 14. Qd2 Be6 15. b3 Qd7 16. f4 Nc6 17. Be3 f5 18. O-O-O fxe4 19. Nxe4 Qe7 20. g4 a5 21. Bf3 a4 22. Qh2 Kf7 23. b4 Ke8 24. Ng5 Qf6 25. Nxe6 Qc3+ 26. Qc2 Qxe3+ 27. Rd2 Qxe6 28. Bxc6+ bxc6 29. Re2 Be5 30. fxe5 d5 31. cxd5 cxd5 32. Kb1 c6 33. Rc1 Rb8 34. a3 Kd7 35. Qc5 Rb7 36. Qxf8 d4 37. Qd6+ Qxd6 38. exd6 Kxd6 39. Rc5 Rf7 40.
Rd2 Rf4 41. g5 Rg4 42. Kc2 Rf4 43. Kd3 Rf3+ 44. Kc4 Rxa3 45. Rxd4+ Kc7 46. b5 Rg3 47. Rxc6+ Kb8 48. Rd7 Rg4+ 49. Kc5 a3 50. Kb6 Rd4 51.
Rxd4 a2 52. Rd8# 1-0

[Event "*** Titled Tuesday Blitz"]
[Site "Chess.com"]
[Date "2019.07.02"]
[Round "5"]
[White "timator"]
[Black "Ceejay271"]
[Result "1/2-1/2"]
[WhiteElo "2407"]
[BlackElo "2234"]
[TimeControl "180+2"]
[EndTime "14:08:25 PDT"]
[Termination "Game drawn by agreement"]

1. Nf3 Nf6 2. g3 d5 3. Bg2 c6 4. O-O Bg4 5. d3 Nbd7 6. b3 e5 7. Bb2 Bd6 8. Nbd2 Qc7 9. e4 O-O 10. h3 Bh5 11. Qe2 Rfe8 12. Rac1 dxe4 13. dxe4 Nc5 14. g4 Bg6 15. Nh4 Ne6 16. Nc4 Nf4 17.
Qe3 b5 18. Nxd6 Qxd6 19. Nf5 Bxf5 20. exf5 Nxg2 21. Kxg2 Nd5 22. Qe4 Nf4+ 23. Kg3 Qd5 24. Qxd5 cxd5 25. Rfe1 f6 26. Ba3 Rac8 27. Bb4 Rc6 28.
Bd2 g5 29. fxg6 Nxg6 30. f4 Rec8 31. f5 Ne7 32. c3 a5 33. h4 a4 34. Rf1 axb3 35. axb3 Ra8 36. Ra1 Rca6 37. Rxa6 Rxa6 38. g5 Kf7 39. Kg4 Ra2 40. gxf6 Rxd2 41. fxe7 Kxe7 42. f6+ Kf7 43. Kf5 e4 44. Ke5 e3 45. Rg1 e2 46.
Re1 h5 47. Kf5 Rd3 48. Rxe2 Rf3+ 49. Kg5 Rxc3 50. Re7+ Kf8 51. Kxh5 Rxb3 52. Rb7 d4 53. Kg6 Rg3+ 54. Kf5 d3 55. Rxb5 d2 56. Rd5 Rf3+ 57. Kg6 Rg3+ 58. Kf5 Rf3+ 59. Kg5 Rg3+ 60. Kf4 Rg2 61.
h5 Kf7 62. Rd6 Rh2 63. Kg4 Rg2+ 64. Kh3 Rf2 65. Kg3 Rxf6 66. Rxd2 Kg7 1/2-1/2

[Event "*** Titled Tuesday Blitz"]
[Site "Chess.com"]
[Date "2019.07.02"]
[Round "5"]
[White "DoHoChess"]
[Black "doons21"]
[Result "1-0"]
[WhiteElo "2560"]
[BlackElo "2442"]
[TimeControl "180+2"]
[EndTime "14:08:27 PDT"]
[Termination "DoHoChess won by resignation"]

1. d4 Nf6 2. Nc3 d5 3. Bf4 c6 4. e3 Qb6 5. a3 Bf5 6. Bd3 Bxd3 7. cxd3 Nbd7 8. b4 g6 9. Na4 Qd8 10. Nc5 Nxc5 11. bxc5 Nh5 12. Be5 f6 13. Bg3 Nxg3 14.
hxg3 e5 15. Nf3 Bg7 16. Qb3 Qe7 17. O-O O-O 18. Rab1 Rf7 19. Qa4 a6 20. Rb2 Rd8 21. Rfb1 Rd7 22. Rb6 h6 23. Qb4 Kh7 24. a4 Qe6 25. a5 Rfe7 26. Qd2 Rf7 27. R1b4 Rfe7 28. Qb2 Qf7 29. Qb3 Bh8 30. dxe5 fxe5 31. e4 Bg7 32. Kh2 Bf6 33. Kg1 Kg7 34. g4 Kh7 35. g3 Kg7 36. Kg2 Kh7 37. Qb2 Bg7 38. Qb3 Re8 39. Qb2 Rf8 40. Qe2 Re7 41. Nd2 Rd7 42. f3 dxe4 43.
Nxe4 Qd5 44. Rxb7 Rxb7 45. Rxb7 Qd4 46. Rc7 Rb8 47. Kh3 Rb2 48. Nf6+ Kh8 49. Rc8+ Bf8 50. Qe4 Qxe4 51. Nxe4 Kg7 52. Rxc6 Rb3 53. Rxa6 Rxd3 54.
Ra7+ Kh8 55. c6 Rd4 56. c7 Rc4 57. a6 Kg8 58. Rb7 Ba3 59. a7 1-0

[Event "*** Titled Tuesday Blitz"]
[Site "Chess.com"]
[Date "2019.07.02"]
[Round "5"]
[White "WarlordX"]
[Black "hermionegrangermagic"]
[Result "0-1"]
[WhiteElo "2386"]
[BlackElo "2349"]
[TimeControl "180+2"]
[EndTime "14:08:31 PDT"]
[Termination "hermionegrangermagic won by checkmate"]

1. d4 d5 2. c4 e6 3. Nf3 Nf6 4. Nc3 Be7 5. Bg5 O-O 6. e3 h6 7.
Bh4 Ne4 8. Bxe7 Qxe7 9. Nxe4 dxe4 10. Nd2 f5 11. c5 e5 12. Bc4+ Kh8 13. O-O exd4 14. exd4 f4 15. Re1 Bf5 16. Nxe4 Bxe4 17. f3 Nc6 18. Rxe4 Qf6 19. d5 Ne5 20. Bb3 b6 21.
Rc1 Nd7 22. cxb6 cxb6 23. Rc6 Qxb2 24. Re7 Nc5 25. Bc2 Rfe8 26. Rcc7 Rxe7 27. Rxe7 Rd8 28.
Rxa7 Qe5 29. Qd2 Ne6 30. h3 Ng5 31. Kh2 h5 32. Qd3 Qe1 33. Bb3 Qg3+ 34. Kh1 Re8 35.
Qf1 Re1 36. Bc4 Rxf1+ 37. Bxf1 Qf2 38. Bd3 Qe1+ 39. Kh2 Qg3+ 40. Kh1 Qe1+ 41. Kh2 g6 42. Bxg6 Qg3+ 43. Kh1 Nxf3 44. gxf3 Qxf3+ 45. Kh2 Qg3+ 46. Kh1 Qxh3+ 47. Kg1 Qg3+ 48. Kf1 Qxg6 49. Rc7 Qd3+ 50.
Kf2 Qxd5 51. Rc2 h4 52. a4 h3 53. Kf1 Qh1+ 54. Ke2 Qg2+ 55. Kd3 Qxc2+ 56. Kxc2 h2 57.
Kc3 h1=Q 58. Kb4 f3 59. Kb5 f2 60. Kxb6 f1=Q 61. a5 Qb1+ 62. Ka7 Qhb7# 0-1

[Event "*** Titled Tuesday Blitz"]
[Site "Chess.com"]
[Date "2019.07.02"]
[Round "5"]
[White "zurzan"]
[Black "Rocky2070"]
[Result "1-0"]
[WhiteElo "1931"]
[BlackElo "1947"]
[TimeControl "180+2"]
[EndTime "14:08:31 PDT"]
[Termination "zurzan won by checkmate"]

1. e4 e5 2. Nf3 Nc6 3. d4 exd4 4. Bc4 Bc5 5. O-O Nf6 6. e5 d5 7. exf6 dxc4 8. fxg7 Rg8 9. Re1+ Be6 10. Bg5 Be7 11. Bxe7 Qxe7 12. Nxd4 O-O-O 13. c3 Rxg7 14. Nxc6 Qg5 15.
Qxd8+ Qxd8 16. Nxd8 Kxd8 17. Nd2 Bd5 18. f3 Kd7 19.
Ne4 c6 20. Rad1 Kc7 21. Nf6 Be6 22. g4 h6 23. h3 Rg6 24. Nh5 Rg8 25. f4 f5 26. Rxe6 fxg4 27. Re7+ Kb6 28. Nf6 Rg6 29.
Nxg4 h5 30. f5 Rg8 31. f6 hxg4 32. hxg4 Rxg4+ 33. Kf2 Rf4+ 34. Ke3 Rxf6 35. Rdd7 Kc5 36. Rxb7 Rh6 37. Rxa7 Rh3+ 38. Kf4 Rh2 39. Reb7 Rf2+ 40. Kg3 Rd2 41. a4 Rd3+ 42. Kf2 Rd2+ 43. Ke1 Rh2 44. a5 Kd5 45. b4 cxb3 46. Rxb3 Ke4 47. c4 Kd4 48.
Rab7 Kxc4 49. R7b4+ Kd5 50. Rd3+ Kc5 51. Ra4 Kb5 52.
Raa3 c5 53. a6 c4 54. Rh3 Rxh3 55. Rxh3 Kxa6 56. Kd2 Kb5 57. Kc3 Kc5 58. Rh5+ Kd6 59. Kxc4 Ke6 60. Kd4 Kf6 61. Ra5 Ke6 62. Rb5 Kd6 63.
Rb6+ Kc7 64. Kc5 Kd7 65. Rh6 Ke7 66. Kd5 Kf7 67. Ke5 Kg7 68. Ra6 Kh7 69. Kf5 Kg7 70.
Rb6 Kh7 71. Kg5 Kg7 72. Rb7+ Kg8 73. Kf6 Kh8 74. Kg6 Kg8 75. Rb8# 1-0

[Event "*** Titled Tuesday Blitz"]
[Site "Chess.com"]
[Date "2019.07.02"]
[Round "5"]
[White "GameOverBro"]
[Black "chessdjw"]
[Result "0-1"]
[WhiteElo "2491"]
[BlackElo "2719"]
[TimeControl "180+2"]
[EndTime "14:08:32 PDT"]
[Termination "chessdjw won by resignation"]

1. e4 e5 2. Nf3 Nc6 3. Bb5 a6 4. Ba4 Nf6 5. d4 exd4 6. O-O Be7 7. e5 Ne4 8. Nxd4 O-O 9. Bf4 Nc5 10. Bb3 Nxb3 11.
cxb3 b6 12. Nxc6 dxc6 13. Qf3 Qd5 14. Qg3 Bf5 15. Nc3 Qd3 16. Be3 Rad8 17. Rac1 Bg6 18.
Qf3 Qd7 19. Rfd1 Qe6 20. Bf4 h6 21. Qg3 Bh5 22. Re1 Rd4 23. Ne4 Bg6 24. Nc3 Rfd8 25. Be3 Rd3 26. h4 Qf5 27. Ne2 Qh5 28. Nf4 Qxh4 29.
Nxd3 Qxg3 30. fxg3 Rxd3 31. Rxc6 Bb4 32. Re2 Bh5 33. Kf2 Bxe2 34. Kxe2 Rd5 35. e6 fxe6 36. Rxc7 Re5 37. Kd3 b5 38. a3 Bf8 39. b4 Kh7 40.
Ra7 Bd6 41. Rxa6 Rd5+ 42. Ke4 Bxg3 43. Rxe6 Rd1 44. Kf3 Be1 45. Rb6 Rb1 46. Bd4 Bh4 47. Rxb5 Kg6 48. Rb6+ Kf5 49. a4 Rf1+ 50. Ke2 Re1+ 51.
Kd3 Rd1+ 52. Ke3 Bg5+ 53. Kf3 Rxd4 54. a5 Rd3+ 55. Ke2 Rb3 56. a6 Ke4 57. a7 Rxb2+ 58. Kd1 Ra2 59. Rb7 Be3 60. Rd7 Rxa7 0-1

[Event "*** Titled Tuesday Blitz"]
[Site "Chess.com"]
[Date "2019.07.02"]
[Round "5"]
[White "ecwinslow"]
[Black "WorldChampionBulletChess"]
[Result "0-1"]
[WhiteElo "1979"]
[BlackElo "2133"]
[TimeControl "180+2"]
[EndTime "14:08:33 PDT"]
[Termination "WorldChampionBulletChess won by checkmate"]

1. d4 Nf6 2. c4 e6 3. Nc3 c5 4. d5 exd5 5. cxd5 d6 6. Nf3 Na6 7. h3 Be7 8. e4 Nc7 9. a4 O-O 10.
Bf4 Nh5 11. Bh2 f5 12. e5 dxe5 13. Bxe5 Bf6 14. Bc4 Kh8 15. O-O Ne8 16. d6 Bd7 17. Re1 Bc6 18. Bb5 Bxe5 19. Nxe5 Bxg2 20. Kxg2 Qg5+ 21.
Kh1 Nf4 22. Qf3 Qh6 23. Bxe8 Nxh3 24. Ng4 Nxf2+ 25. Kg2 Nxg4 26. Rh1 Qxd6 27. Rad1 Qb6 28. Bd7 Qxb2+ 29. Kg3 Ne5 30. Qh5 Qxc3+ 31. Kg2 Qc2+ 32. Kf1 Qc4+ 33. Kg2 Qe4+ 34. Kf1 Qf3+ 35. Qxf3 Nxf3 36.
Rd5 Nd4 37. Rxc5 Rad8 38. Bb5 Nb3 39. Re5 h6 40. Ke2 Rd2+ 41. Ke3 Rdd8 42. Kf4 Nd4 43.
Bc4 Nc2 44. Re2 Nd4 45. Rg2 g5+ 46. Kg3 f4+ 47. Kg4 Kg7 48. Rb2 b6 49. a5 Rd6 50.
axb6 axb6 51. Ra2 Rd7 52. Bd3 Rff7 53. Rah2 Rd6 54. Be4 Ne6 55. Bf5 Nf8 56. Re2 Ng6 57. Bxg6 Kxg6 58. Rhe1 Rff6 59. Re7 Rd3 60. Rg1 h5# 0-1